 Dungeon Crawl Stone Soup version 0.20.0-10-g0535bb4 (webtiles) character file.

311 McKennaii the Slasher (level 6, -10/55 HPs)
             Began as a Minotaur Fighter on June 7, 2017.
             Killed by divine providence
             ... invoked by an orc priest
              (13 damage)
             ... on level 3 of the Dungeon.
             The game lasted 00:02:15 (1627 turns).

McKennaii the Slasher (Minotaur Fighter)            Turns: 1627, Time: 00:02:16

Health: -10/55     AC:  9    Str: 21    XL:     6   Next: 18%
Magic:  5/5        EV:  6    Int:  5    God:
Gold:   169        SH: 10    Dex: 11    Spells: 5/5 levels left

rFire    + . .     SeeInvis .   a - +0 long sword
rCold    + . .     Gourm    .   c - +0 shield
rNeg     . . .     Faith    .   u - +0 chain mail
rPois    .         Spirit   .   (helmet restricted)
rElec    .         Reflect  .   j - scarf {rC+ rF+}
rCorr    .         Harm     .   (no gloves)
MR       .....                  (no boots)
Stlth    ..........             i - amulet of magic regeneration
Regen    0.2/turn               (no ring)
MPRegen  0.2/turn               (no ring)

@: no status effects
A: retaliatory headbutt, horns 2
a: no special abilities


You were on level 3 of the Dungeon.
You were hungry.

You visited 1 branch of the dungeon, and saw 3 of its levels.

You collected 169 gold pieces.

Inventory:

Hand Weapons
 a - a +0 long sword (weapon)
Armour
 c - a +0 shield (worn)
 j - a scarf of resistance (worn)
 u - a +0 chain mail (worn)
Jewellery
 i - an amulet of magic regeneration (around neck)
 v - a cursed amulet of rage {unknown}
Scrolls
 e - 4 scrolls of teleportation {unknown}
 h - 2 scrolls of identify {unknown}
 k - a scroll of recharging {unknown}
 l - a scroll of random uselessness {unknown}
 m - 3 scrolls of magic mapping {unknown}
 p - a scroll of remove curse {unknown}
 q - a scroll of noise {unknown}
 r - a scroll of enchant weapon {unknown}
 t - a scroll of enchant armour {unknown}
 w - a scroll of fear {unknown}
Potions
 b - a potion of cancellation {unknown}
 d - a potion of might
 g - 3 potions of curing {unknown}
 o - a potion of brilliance {unknown}
 s - 2 potions of mutation {unknown}
Comestibles
 f - 4 bread rations
 n - 2 royal jellies


   Skills:
 + Level 4.9 Fighting
 + Level 5.1 Long Blades
 + Level 4.6 Armour
 + Level 1.5 Dodging
 + Level 0.3 Stealth
 + Level 4.8 Shields


You had 5 spell levels left.
You didn't know any spells.

Dungeon Overview and Level Annotations

Branches:
Dungeon (3/15)

Altars:
Kikubaaqudgha
The Shining One


Innate Abilities, Weirdness & Mutations

You reflexively headbutt those who attack you in melee.
You have a pair of horns on your head.


Message History

You are too injured to fight recklessly!
You are too injured to fight recklessly!
Unknown command.
You are too injured to fight recklessly!
You are too injured to fight recklessly!
The orc priest calls down the wrath of Beogh upon you.
Beogh smites you!
An orc comes into view. It is wielding a flail.
A leopard gecko comes into view.
You closely miss the leopard gecko. You block the orc's attack.
The leopard gecko bites you but does no damage.
The leopard gecko bites you.
* * * LOW HITPOINT WARNING * * *
The orc priest mumbles some strange prayers to Beogh against you.
Beogh smites you!
* * * LOW HITPOINT WARNING * * *
The leopard gecko closely misses you. You block the leopard gecko's attack.
The orc priest invokes the aid of Beogh against you.
Beogh smites you!
You die...

#.....#.#...#
#......o#...#
#####.......#...#
#...........#...####
#.........o.o.......
#...................
..#
#......####.l#+#####
#.# ######.# ##o#.#
#.# #.# #†@.# #.# #.#
##..# #.#
#.######..##########.#
#.................##.#
#########.#######.##.#
### #.##.........# ..#
########..#.####.####
..# #......#..# #.#
..# #......##.# #.#


You could see an orc priest, 3 orcs and a leopard gecko.

Vanquished Creatures
  Sigmund (D:3)
  Terence (D:2)
  4 adders
  An ooze (D:2)
  A worm (D:2)
  4 dart slugs (D:1)
  2 leopard geckos
  5 orcs (D:3)
  9 giant cockroaches
  4 goblins
  10 hobgoblins
  4 jackals (D:1)
  7 kobolds
  2 quokkas (D:3)
  4 ball pythons
  5 bats
  A frilled lizard (D:1)
  6 rats
  2 rat zombies (D:2)
73 creatures vanquished.

Notes
Turn   | Place    | Note
-------+----------+-------------------------------------------
     0 | D:1      | McKennaii the Minotaur Fighter began the quest for the Orb.
     0 | D:1      | Reached XP level 1. HP: 19/19 MP: 0/0
   126 | D:1      | Reached XP level 2. HP: 27/27 MP: 1/1
   139 | D:1      | Reached skill level 3 in Long Blades
   312 | D:1      | Reached XP level 3. HP: 33/33 MP: 2/2
   907 | D:2      | Noticed Terence
   914 | D:2      | Killed Terence
   914 | D:2      | Reached skill level 4 in Long Blades
   914 | D:2      | Reached XP level 4. HP: 35/40 MP: 3/3
   954 | D:2      | Found a glowing golden altar of the Shining One.
  1118 | D:2      | Reached skill level 1 in Dodging
  1213 | D:2      | Found an ancient bone altar of Kikubaaqudgha.
  1313 | D:3      | Noticed Sigmund
  1326 | D:3      | Killed Sigmund
  1326 | D:3      | Reached skill level 5 in Long Blades
  1326 | D:3      | Reached XP level 5. HP: 40/47 MP: 4/4
  1326 | D:3      | Reached XP level 6. HP: 46/55 MP: 5/5
  1627 | D:3      | Killed from afar by an orc priest

Skill      XL: |  1  2  3  4 |
---------------+-------------+-----
Long Blades    | 3 4 5 |  5.1
Armour         | 4 |  4.6
Fighting       | 4 |  4.9
Shields        | 4 |  4.8
Dodging        | 1 |  1.5
Stealth        | |  0.3

Action                   |  1- 3 |  4- 6 || total
-------------------------+-------+-------++-------
Melee: Long sword        |    87 |    97 ||   184
       Headbutt          |    15 |    11 ||    26
  Eat: Chunk             |       |     2 ||     2
Armor: Scale mail        |    31 |    34 ||    65
       Chain mail        |       |     5 ||     5
Dodge: Dodged            |    28 |    43 ||    71
Block: Shield            |    38 |    50 ||    88
       Rpst.: Long sword |     7 |     9 ||    16
